 Dungeon Crawl Stone Soup version 0.28.0 (webtiles) character file.

Game seed: 5180263978765486507

87 bande the Covered (level 4, -10/43 HPs)
             Began as a Gargoyle Fighter on Feb 10, 2022.
             Killed by divine providence
             ... invoked by an orc priest
              (16 damage)
             ... on level 3 of the Dungeon.
             The game lasted 00:04:06 (2388 turns).

bande the Covered (Gargoyle Fighter)                Turns: 2388, Time: 00:04:06

Health: -10/43     AC: 22    Str: 20    XL:     4   Next: 51%
Magic:  4/4        EV:  2    Int:  8    God:
Gold:   54         SH:  4    Dex: 11    Spells: 3/3 levels left

rFire   . . .      SeeInvis .   a - +0 war axe
rCold   . . .      Faith    .   c - +0 buckler
rNeg    + . .      Spirit   .   (armour currently unavailable)
rPois   ∞          Reflect  .   (helmet currently unavailable)
rElec   .          Harm     .   (cloak currently unavailable)
rCorr   .          Rampage  .   (gloves currently unavailable)
Will    .....      NoTele   +   (boots currently unavailable)
Stlth   +.........              (no amulet)
HPRegen 0.14/turn               (no ring)
MPRegen 0.09/turn               (no ring)

@: tree-form
A: stationary, stasis, torment immunity, boosted hp, sickness immunity, AC +3,
negative energy resistance 1, (electricity resistance), torment resistance 1,
petrification resistance
a: no special abilities


You were on level 3 of the Dungeon.
You were a tree.
You visited 1 branch of the dungeon, and saw 3 of its levels.

You collected 54 gold pieces.

Inventory:

Hand Weapons
 a - a +0 war axe (weapon)
Armour
 b - a +0 scale mail (melded)
 c - a +0 buckler (worn)
Jewellery
 f - an amulet of magic regeneration
Scrolls
 g - 4 scrolls of amnesia
 i - a scroll of teleportation
 j - a scroll of identify
Potions
 d - a potion of might
 e - 2 potions of lignification
 h - a potion of berserk rage {unknown}


   Skills:
 + Level 3.7 Fighting
 + Level 2.8 Axes
 + Level 4.2 Armour
 + Level 3.7 Shields


You had 3 spell levels left.
You didn't know any spells.
Your spell library contained the following spells:

 Spells                   Type           Power      Damage    Failure   Level
 Magic Dart               Conj           0%         1d3       50%         1
 Call Imp                 Summ           0%         N/A       65%         2
 Mephitic Cloud           Conj/Pois/Air  0%         N/A       86%         3
 Summon Forest            Summ/Tloc      0%         N/A       100%        5
 Eringya's Noxious Bog    Tmut/Pois      0%         N/A       100%        6
 Summon Hydra             Summ           0%         N/A       100%        7


Dungeon Overview and Level Annotations

Branches:
Dungeon (3/15)

Altars:

Shops:
D:1 [


Innate Abilities, Weirdness & Mutations

You are a tree.
Your roots penetrate the ground, keeping you stationary.
You cannot be teleported.
You are immune to unholy pain and torment.
Your maximum health is greatly increased.
Your equipment is partially melded.
You are immune to sickness and miasma.
((Your stone body is resilient. (AC +3)))
You are immune to poison.
You resist negative energy. (rN+)
((You are resistant to electric shocks. (rElec)))
You are resistant to unholy torment.
You are immune to petrification.


Message History

You closely miss the orc.
The orc is lightly wounded.
The orc hits you with a +0 club. The orc hits you but does no damage.
You barely miss the orc.
The orc is lightly wounded.
The orc hits you with a +0 club.
Unknown command.
You hit the orc but do no damage.
The orc is lightly wounded.
The orc hits you with a +0 club. The orc hits you but does no damage.
You slash the orc!
You kill the orc!
Something hits you but does no damage.
You barely miss something.
You hear some strange, mumbled words.
Something tries to affect you, but you resist.
Unknown command.
You hit something but do no damage. Something hits you.
Something hits you but does no damage.
You barely miss something.
You hear some strange, mumbled words.
You are confused.
You bump into the rock wall.
Something hits you.
You bump into the rock wall.
Something hits you but does no damage.
You miss something. Something hits you.
The orc priest begins to cast a cantrip, but forgets the words!
You're too confused to move!
You feel less confused. Something hits you.
An orc comes into view. It is wielding a +0 club.
The orc priest invokes the aid of Beogh against you.
Beogh smites you!
* * * LOW HITPOINT WARNING * * *
The orc shouts!
It was a potion of lignification.
You turn into a tree.
Your +0 scale mail melds into your body.
Your roots penetrate the ground.
Something hits you but does no damage.
The orc priest calls down the wrath of Beogh upon you.
Beogh smites you!
You die...

..##.##########....#
....ooo.♣.....#....#
##.#.########.##...#
#.##...# #.##...#..#
#.##...#..#
#.##...#..#
#......#..#
#.#####..#..##
.............#


You could see an orc priest and 2 orcs.

Vanquished Creatures
  4 adders (D:2)
  An orc (D:3)
  6 endoplasms
  A giant cockroach (D:2)
  8 hobgoblins
  A quokka (D:2)
  5 ball pythons
  5 bats
  2 frilled lizards (D:2)
  6 goblins
  6 kobolds
  3 rats
48 creatures vanquished.

Notes
Turn   | Place    | Note
-------+----------+-------------------------------------------
     0 | D:1      | bande the Gargoyle Fighter began the quest for the Orb.
     0 | D:1      | Reached XP level 1. HP: 14/14 MP: 1/1
   217 | D:1      | Found Pukiqy's Armour Boutique.
   426 | D:1      | Reached XP level 2. HP: 11/19 MP: 2/2
  1041 | D:2      | Reached skill level 4 in Armour
  1041 | D:2      | Reached XP level 3. HP: 21/23 MP: 3/3
  1215 | D:2      | Found a faded altar of an unknown god.
  1650 | D:2      | Reached XP level 4. HP: 20/28 MP: 4/4
  2388 | D:3      | Killed from afar by an orc priest

Illustrated notes

Levels and vault maps discovered:
D:1:      dpeg_arrival_morbid_curiosity, layout_rooms, serial_shops,
          shop_fountains, dk_noncrumbling_3
D:2:      layout_basic, hellmonk_ecumenical_altar_leap_of_faith,
          minmay_hedge_maze, minmay_heptomino_w4
D:3:      layout_basic, nicolae_overflow_squiral, serial_shops, shop

Skill      XL: |  1  2 |
---------------+-------+-----
Axes           | 2 |  2.8
Armour         | 4 |  4.2
Fighting       | |  3.7
Shields        | |  3.7

Action                   |  1- 3 |  4- 6 || total
-------------------------+-------+-------++-------
Melee: War axe           |    98 |    60 ||   158
  Use: Scroll            |     5 |       ||     5
       Potion            |       |     1 ||     1
Armor: Scale mail        |    69 |    39 ||   108
       Skin              |       |     1 ||     1
Dodge: Dodged            |    43 |    22 ||    65
Block: Buckler           |    31 |    17 ||    48
